Cogmind - Beta 11 @@@ ROGUE MODE // 2022.03.26 @ 14:22:20 Player: RNGesus Result: Destroyed by B-75 Beast with Magnetic Acceleration Cannon Performance ------------- Evolutions (2) 1000 Regions Visited (6) 1200 Robots Destroyed (100) 500 Value Destroyed (2573) 2573 Prototype IDs (3) 60 Alien Tech Used (0) 0 Bonus (670) 670 TOTAL SCORE: 6003 Bonus ------- High Alert Combat Kills 63 Follower Combat Kills 407 Entered Garrisons 200 Cogmind --------- Core Integrity 0/550 Matter 104/300 Energy 100/100 System Corruption 0% Temperature Hot (228) Movement Rolling (175) Ox5 Location -8/Garrison Parts ------- > --- POWER (1) -------- (None) > --- PROPULSION (3) --- Compact Wheel > --- UTILITY (5) ------ Improved Heat Sink Huge Storage Unit Weapon Cycler > --- WEAPON (2) ------- Gauss Rifle > --- INVENTORY (25) --- Carbon-fiber Leg Carbon-fiber Leg Carbon-fiber Leg Small Storage Unit High-capacity Storage Unit Machine Analyzer Improved Sensor Array Advanced Terrain Scan Processor Hacking Suite Hacking Suite Authchip [Processor] Authchip [Weapon] Lightning Gun Beamcaster Improved Assault Rifle EMP Blaster Rocket Launcher Mini Grenade Launcher Power Maul Axe Peak State ------------ > --- POWER ------------ Light Angular Momentum Engine > --- PROPULSION ------- Carbon-fiber Leg Carbon-fiber Leg Improved Titanium Leg > --- UTILITY ---------- Improved Heat Sink Huge Storage Unit Weapon Cycler Hardened Heavy Armor Plating > --- WEAPON ----------- Gauss Rifle Gauss Rifle > --- INVENTORY -------- Light Angular Momentum Engine Carbon-fiber Leg Compact Wheel Improved Heat Sink Small Storage Unit High-capacity Storage Unit Machine Analyzer Improved Sensor Array Advanced Terrain Scan Processor Seismic Detector Improved Medium Armor Plating Improved Medium Armor Plating Hacking Suite Hacking Suite Authchip [Processor] Authchip [Weapon] Lightning Gun Beamcaster Improved Assault Rifle Improved Assault Rifle EMP Blaster Rocket Launcher Mini Grenade Launcher Power Maul Axe [Rating: 46] Favorites ----------- Power Makeshift Power Source Engine Makeshift Power Source Power Core Light Nuclear Core Propulsion Light Treads Treads Light Treads Leg Carbon-fiber Leg Wheel Compact Wheel Utility Huge Storage Unit Device Improved Heat Sink Storage Huge Storage Unit Processor Targeting Computer Protection Medium Armor Plating Weapon Assault Rifle Energy Gun Improved Medium Laser Energy Cannon Advanced Beam Cannon Ballistic Gun Assault Rifle Launcher Rocket Launcher Slashing Weapon Axe Build | -11 -10 -10 -9 -9 -8 -8 ------- Run | Scr Mat Min Mat Min Mat Gar Slots Evolved 4 | . . . 2 . 2 . Power . | . . . . . . . Propulsion 1 | . . . 1 . . . Utility 3 | . . . 1 . 2 . Weapon . | . . . . . . . Parts Attached 85 | 6 6 8 19 2 25 19 Power 7 | 1 1 2 . . 2 1 Engine 5 | 1 1 1 . . 1 1 Core 2 | . . 1 . . 1 . Reactor . | . . . . . . . Propulsion 19 | 2 2 3 2 . 6 4 Treads 9 | 2 2 3 2 . . . Leg 7 | . . . . . 4 3 Wheel 3 | . . . . . 2 1 Hover . | . . . . . . . Flight . | . . . . . . . Utility 21 | 1 2 2 6 . 6 4 Device 9 | . . 1 2 . 4 2 Storage 3 | 1 1 . 1 . . . Processor 1 | . . . 1 . . . Hackware . | . . . . . . . Protection 8 | . 1 1 2 . 2 2 Artifact . | . . . . . . . Weapon 38 | 2 1 1 11 2 11 10 Energy Gun 9 | . . . 6 . 2 1 Energy Cannon 1 | . . . . . 1 . Ballistic Gun 17 | 2 1 1 2 1 4 6 Ballistic Cannon . | . . . . . . . Launcher 10 | . . . 3 1 4 2 Special Weapon . | . . . . . . . Impact Weapon . | . . . . . . . Slashing Weapon 1 | . . . . . . 1 Piercing Weapon . | . . . . . . . Special Melee Weapon . | . . . . . . . Unidentified Prototypes 3 | . . . 2 . 1 . Parts Lost 25 | . 2 6 . . 6 11 Power 7 | . 1 2 . . 2 2 Propulsion 3 | . . 1 . . . 2 Utility 11 | . . 2 . . 4 5 Weapon 4 | . 1 1 . . . 2 Highest Loss Streak 9 | . 2 5 . . 3 9 To Critical Strikes . | . . . . . . . Average Slot Usage (%) 96 | . 99 97 99 100 90 94 Engine 10 | . 14 12 11 11 6 8 Treads 21 | . 28 28 32 33 4 . Leg 6 | . . . . . 16 24 Wheel 1 | . . . . . 6 2 Device 9 | . . 2 7 11 16 22 Storage 11 | . 14 14 11 11 9 9 Protection 11 | . 13 11 11 11 12 9 Energy Gun 1 | . . . 9 . . . Ballistic Gun 19 | . 28 26 12 21 14 15 Naked Turns . | . . . . . . . Heaviest Build 120 | 12 50 50 99 99 120 119 Greatest Support 60 | 40 40 40 60 60 60 50 Greatest Overweight (x) 7 | 1 1 1 1 1 7 7 Average Overweight (x) 1 | . . 1 . 1 5 3 Largest Inventory Capacity 25 | 8 20 20 25 25 25 25 Average Capacity 22 | 7 18 20 23 25 25 25 Most Carried 25 | 4 10 16 22 23 25 25 Average Carried 17 | 2 6 12 19 21 22 23 Final Capacity 25 | 8 20 20 25 25 25 25 Final Carried 25 | 4 9 16 20 23 25 20 Class Distribution -------------------- 74% | Scavenger-Mutant 25% | Mutant Dominant Class ---------------- Mutant | -10/Materials Scavenger-Mutant | -10/Mines Scavenger-Mutant | -9/Materials Scavenger-Mutant | -9/Mines Scavenger-Mutant | -8/Materials Scavenger-Mutant | -8/Garrison Resources | -11 -10 -10 -9 -9 -8 -8 ----------- Run | Scr Mat Min Mat Min Mat Gar Matter Collected 2467 | 143 554 217 327 157 714 355 Remotely . | . . . . . . . Salvage Created 3438 | 35 689 246 888 187 1031 362 Parts 207 | 8 47 20 51 10 51 20 Haulers Intercepted 7 | . 2 . 3 . 2 . Recyclers Shooed 8 | 1 4 1 1 . 1 . Parts Field Recycled . | . . . . . . . Retrieved Matter . | . . . . . . . Parts Self-Destructed . | . . . . . . . Prevented . | . . . . . . . Kills | -11 -10 -10 -9 -9 -8 -8 ------- Run | Scr Mat Min Mat Min Mat Gar Combat Hostiles Destroyed 70 | . 14 4 19 5 16 12 Guns 50 | . 14 4 11 4 13 4 AOE 20 | . . . 8 1 3 8 Classes Destroyed 13 | 1 7 2 . . 2 1 Worker 6 | . 1 2 1 1 1 . Builder 3 | . . 1 . . 2 . Tunneler 4 | 2 . 1 . . 1 . Hauler 7 | . 2 . 3 . 2 . Recycler 4 | . 1 . 2 . 1 . Operator 3 | . 1 . 2 . . . Watcher 3 | . 1 . 1 . 1 . Swarmer 22 | . 6 1 9 2 . 4 Grunt 31 | . 8 1 5 3 10 4 Duelist 3 | . . . . . . 3 Sentry 9 | . . 2 5 . 2 . Hunter 4 | . . . . . 3 1 Heavy 1 | . . . . . 1 . Best Kill Streak 6 | 2 3 2 6 3 5 6 Combat Bots Only 6 | . 3 2 5 3 4 6 Max Kills in Single Turn 3 | 1 1 1 3 1 1 2 Gunslinging 1 | . . . 1 . . . Exploded 2 | . . . 2 1 1 2 Melee . | . . . . . . . Uniques/NPCs Destroyed . | . . . . . . . Combat | -11 -10 -10 -9 -9 -8 -8 -------- Run | Scr Mat Min Mat Min Mat Gar Damage Taken 4864 | . 606 570 351 101 1431 1805 Core 734 | . 74 86 14 . 245 315 Absorbed by Shields . | . . . . . . . Core Remaining (%) 77 | 100 . 36 . 96 . . Volleys Fired 296 | 5 64 31 41 13 83 59 Largest 2 | 2 2 2 2 2 2 2 Hottest 112 | 40 40 40 112 46 103 103 Shots Fired 518 | 10 128 46 78 27 138 91 Gun 491 | 10 128 46 73 26 129 79 Cannon . | . . . . . . . Launcher 27 | . . . 5 1 9 12 Special . | . . . . . . . Kinetic 429 | 10 128 46 38 26 110 71 Thermal 54 | . . . 27 . 19 8 Explosive 27 | . . . 5 1 9 12 Electromagnetic 8 | . . . 8 . . . Robot Hit Streak 14 | 7 14 11 6 13 9 10 Robot Miss Streak 6 | 1 3 6 3 2 6 2 Penetration Max 1 | . . . . . 1 1 Secondary Targets 3 | . 1 . 1 . 1 . Max Gunslinging Chain 1 | . 1 . 1 . 1 . Shots Hit Robots 323 | 7 77 28 45 17 91 58 Core Hits 181 | 3 35 13 39 8 50 33 Critical Kills 1 | . 1 . . . . . Critical Parts Destroyed 1 | . . . . . 1 . Critical Strikes 5 | . 1 . 2 . 2 . Burn 3 | . . . 2 . 1 . Destroy 2 | . 1 . . . 1 . Melee Attacks 4 | . . . . . . 4 Impact . | . . . . . . . Slashing 4 | . . . . . . 4 Piercing . | . . . . . . . Sneak Attacks . | . . . . . . . Combat Hostiles . | . . . . . . . Follow-up Attacks . | . . . . . . . Damage Inflicted 7263 | 87 1010 397 1261 267 2131 2110 Guns 5097 | 87 1010 397 692 236 1574 1101 Cannons . | . . . . . . . Explosions 2166 | . . . 569 31 557 1009 Melee . | . . . . . . . Ramming . | . . . . . . . Kinetic 4372 | 87 1010 397 360 236 1366 916 Thermal 691 | . . . 298 . 208 185 Explosive 2101 | . . . 504 31 557 1009 Electromagnetic 99 | . . . 99 . . . Impact . | . . . . . . . Slashing . | . . . . . . . Piercing . | . . . . . . . Highest Corruption 1 | . . . 1 1 . . Average Corruption 1 | . . . 1 1 . . Corruption Purged . | . . . . . . . Corruption Blocked . | . . . . . . . Effects 22 | . . . 12 10 . . Message Errors 6 | . . . 3 3 . . Matter Fused 3 | . . . 2 1 . . Heat Flow Errors 2 | . . . 1 1 . . Energy Discharges 4 | . . . 3 1 . . Data Loss (minor) 2 | . . . 1 1 . . Data Loss (major) 1 | . . . . 1 . . Misfires 3 | . . . 1 2 . . Weapon Failures 1 | . . . 1 . . . Overload Shots . | . . . . . . . Overflow Damage 56 | . . . 31 . . 25 Projectiles . | . . . . . . . Explosions 56 | . . . 31 . . 25 Melee . | . . . . . . . Knockbacks . | . . . . . . . Impact . | . . . . . . . Kinetic . | . . . . . . . Secondary . | . . . . . . . Self-Inflicted Damage 153 | . . . 13 . . 140 Shots 5 | . . . 1 . . 4 Rammed . | . . . . . . . Targets Rammed . | . . . . . . . Kicked . | . . . . . . . Crushed . | . . . . . . . Highest Temperature 363 | . 6 20 297 116 199 363 Average Temperature 89 | . 2 6 79 62 98 142 Received Heat Transfer 1461 | . 237 261 135 45 486 297 Effects 8 | . . . 4 . . 4 Shutdowns 1 | . . . . . . 1 Energy Bleed 1 | . . . 1 . . . Interference 6 | . . . 3 . . 3 Siege Activations . | . . . . . . . Robots Corrupted . | . . . . . . . Combat Hostiles . | . . . . . . . Parts Fried . | . . . . . . . Impact Corruptions . | . . . . . . . Robots Melted . | . . . . . . . Combat Hostiles . | . . . . . . . Parts Melted 3 | . . . 2 . 1 . Heat Transferred 1506 | . . . 766 . 444 296 Parts Sabotaged . | . . . . . . . Parts Stolen . | . . . . . . . Parts Stripped . | . . . . . . . Power Chain Reactions 2 | . . . 2 . . . Missiles Intercepted . | . . . . . . . Alert | -11 -10 -10 -9 -9 -8 -8 ------- Run | Scr Mat Min Mat Min Mat Gar Peak Influence 783 | 10 257 130 455 215 265 783 Initial 145 | . 6 4 . 145 1 117 Average 153 | 3 79 30 273 97 118 438 Maximum Alert Level 3 | . 1 . 2 1 1 3 Low Security (%) 73 | 100 95 100 19 95 88 21 Level 1 18 | . 4 . 72 4 11 18 Level 2 5 | . . . 7 . . 36 Level 3 2 | . . . . . . 23 Level 4 . | . . . . . . . Level 5 . | . . . . . . . High Security . | . . . . . . . Max Security . | . . . . . . . Squads Dispatched 11 | . 3 . 3 1 4 . Investigation 5 | . 1 . 2 1 1 . Extermination . | . . . . . . . Reinforcement 6 | . 2 . 1 . 3 . Assault . | . . . . . . . Garrison . | . . . . . . . Intercept . | . . . . . . . Searches Triggered . | . . . . . . . Construction Impeded 1 | . . . . . 1 . Haulers Reinforced . | . . . . . . . Active Scanning Responses . | . . . . . . . Cargo Convoy Interrupts . | . . . . . . . Stealth | -11 -10 -10 -9 -9 -8 -8 --------- Run | Scr Mat Min Mat Min Mat Gar Distress Signals 6 | . 1 . 3 . 2 . Communications Jammed . | . . . . . . . Distress Signals . | . . . . . . . Times Spotted 126 | . 27 6 29 5 36 23 Peak Tracking Total 7 | . 5 3 6 2 5 7 Tactical Retreats 5 | . 3 1 . . 1 . Traps | -11 -10 -10 -9 -9 -8 -8 ------- Run | Scr Mat Min Mat Min Mat Gar Traps Triggered 3 | . . . 2 . . 1 Indirectly . | . . . . . . . Trap Hack Attempts . | . . . . . . . Triggered . | . . . . . . . Disarmed . | . . . . . . . Reprogrammed . | . . . . . . . Reused . | . . . . . . . Traps Extracted . | . . . . . . . Installed 1 | . . 1 . . . . Triggered . | . . . . . . . Most Traps Carried 3 | . . 3 3 . . . Machines | -11 -10 -10 -9 -9 -8 -8 ---------- Run | Scr Mat Min Mat Min Mat Gar Machines Disabled 6 | . 1 1 3 . 1 . Max in Single Turn 1 | . 1 1 1 . 1 . Machines Sabotaged . | . . . . . . . Garrisons Compromised . | . . . . . . . Overloaded Fab Kills . | . . . . . . . Hacking | -11 -10 -10 -9 -9 -8 -8 --------- Run | Scr Mat Min Mat Min Mat Gar Machines Accessed 11 | . 4 . 2 1 4 . Terminals 9 | . 4 . 2 . 3 . Fabricators . | . . . . . . . Repair Stations . | . . . . . . . Recycling Units . | . . . . . . . Scanalyzers . | . . . . . . . Garrison Access 1 | . . . . . 1 . Total Hacks 26 | . 9 . 7 1 9 . Successful 11 | . 2 . 3 1 5 . Failed 15 | . 7 . 4 . 4 . Catastrophic 2 | . 1 . 1 . . . Database Lockouts . | . . . . . . . Manual 12 | . 4 . 5 . 3 . Terminals 22 | . 9 . 7 . 6 . Fabricators . | . . . . . . . Repair Stations . | . . . . . . . Recycling Units . | . . . . . . . Scanalyzers . | . . . . . . . Garrison Access 3 | . . . . . 3 . Terminal Hacks 8 | . 1 . 2 1 4 . Open Door 1 | . . . . 1 . . Branch Access Points 2 | . . . 1 . 1 . Alert Level 1 | . . . . . 1 . Unreport Threat 1 | . 1 . . . . . Hauler Manifests 2 | . . . 1 . 1 . Registered Components 1 | . . . . . 1 . Fabricator Hacks . | . . . . . . . Repair Station Hacks . | . . . . . . . Recycling Unit Hacks . | . . . . . . . Scanalyzer . | . . . . . . . Garrison Access Hacks 1 | . . . . . 1 . Unlock Access 1 | . . . . . 1 . Unauthorized Hacks 2 | . 1 . 1 . . . Terminals 2 | . 1 . 1 . . . Operators 2 | . 1 . 1 . . . Fabricators . | . . . . . . . Repair Stations . | . . . . . . . Recycling Units . | . . . . . . . Scanalyzers . | . . . . . . . Garrison Access . | . . . . . . . Data Cores Recovered 1 | . . . 1 . . . Used . | . . . . . . . Hacking Detections 7 | . 4 . 2 . 1 . Full Trace Events 3 | . 1 . 1 . 1 . Feedback Events . | . . . . . . . Feedback Blocked . | . . . . . . . Robot Schematics Acquired . | . . . . . . . Robots Built . | . . . . . . . Authchips . | . . . . . . . Time . | . . . . . . . Total Robot Build Rating . | . . . . . . . Part Schematics Acquired . | . . . . . . . Parts Built . | . . . . . . . Authchips . | . . . . . . . Time . | . . . . . . . Total Part Build Rating . | . . . . . . . Parts Repaired . | . . . . . . . Time . | . . . . . . . Parts Recycled . | . . . . . . . Recycled Matter . | . . . . . . . Retrieved Matter . | . . . . . . . Retrieved Components . | . . . . . . . Parts Scanalyzed . | . . . . . . . Part Schematics Acquired . | . . . . . . . Parts Damaged . | . . . . . . . Bothacking | -11 -10 -10 -9 -9 -8 -8 ------------ Run | Scr Mat Min Mat Min Mat Gar Used RIF Installer . | . . . . . . . Robots Hacked . | . . . . . . . Non-combat . | . . . . . . . Combat . | . . . . . . . Robot Hacks Applied . | . . . . . . . Relay Couplers Released . | . . . . . . . Fabnet Peak Effective % . | . . . . . . . Robots Rewired 3 | . . . . . . 3 Allies Hacked . | . . . . . . . Hacks Repelled . | . . . . . . . Allies | -11 -10 -10 -9 -9 -8 -8 -------- Run | Scr Mat Min Mat Min Mat Gar Total Allies 9 | . . 6 . . . 3 Largest Group 4 | . . 4 3 . . 3 Highest-Rated Group 71 | . . 71 40 . . 63 Highest-Rated Ally 31 | . . 31 16 . . 21 Total Orders . | . . . . . . . Ally Attacks 76 | . . 14 26 . . 36 Total Damage 1066 | . . 193 259 . . 614 Kills 17 | . . 3 5 . . 9 Allies Corrupted . | . . . . . . . Allies Melted . | . . . . . . . Intel | -11 -10 -10 -9 -9 -8 -8 ------- Run | Scr Mat Min Mat Min Mat Gar Robot Analysis Total . | . . . . . . . Derelict Logs Recovered 5 | . . 2 . 3 . . Drone Launches . | . . . . . . . Drone Recoveries . | . . . . . . . Exploration | -11 -10 -10 -9 -9 -8 -8 ------------- Run | Scr Mat Min Mat Min Mat Gar Turns Passed 8224 | 97 1382 1646 1470 1043 1666 920 Spaces Moved 3175 | 46 520 642 636 417 637 277 Core 4 | 4 . . . . . . Treads 2323 | 42 520 642 636 417 66 . Legs 310 | . . . . . 94 216 Wheels 538 | . . . . . 477 61 Hover . | . . . . . . . Flight . | . . . . . . . Fastest Speed 50 | 50 160 240 160 240 175 190 Average Speed 225 | 151 225 240 205 240 216 250 Slowest Speed 335 | 160 240 240 240 240 320 335 Overloaded Moves . | . . . . . . . Propulsion Burnouts . | . . . . . . . Robots Hopped . | . . . . . . . Cave-ins Triggered . | . . . . . . . Exploration Rate (%) 59 | 6 73 87 60 96 60 32 Regions Visited 6 Branch Regions 2 Pre-discovered Areas 4 | . . 1 . 3 . . Known Exits Taken 2 | . . . 1 . 1 . Unknown Exits Taken 4 | 1 1 1 . 1 . . Scrap Searched 1 | . . . . 1 . . Spaces Dug 52 | . . . . . 35 17 Terrain Destroyed 200 | . . . 33 15 71 81 Melee 1 | . . . . . . 1 Projectile 3 | . . . . . . 3 AOE 196 | . . . 33 15 71 77 Terrain Rammed . | . . . . . . . Walls Destroyed . | . . . . . . . Machines Disabled . | . . . . . . . Actions | -11 -10 -10 -9 -9 -8 -8 --------- Run | Scr Mat Min Mat Min Mat Gar Total 3754 | 60 603 701 725 434 804 427 Wait 40 | . 9 10 3 . 7 11 Move 3169 | 45 519 641 635 416 636 277 Hop . | . . . . . . . Pick Up 64 | 4 5 9 11 3 27 5 Fast Attach 19 | 6 1 3 3 . 6 . Attach 25 | . 2 3 3 . 9 8 Detach 7 | . . . 4 . 3 . Swap 41 | . 3 2 13 2 10 11 Drop 40 | . . 1 12 . 23 4 Fire 296 | 5 64 31 41 13 83 59 Melee 4 | . . . . . . 4 Ram . | . . . . . . . Kick . | . . . . . . . Crush . | . . . . . . . Escape Stasis 6 | . . . . . . 6 Rewire 42 | . . . . . . 42 Trap 1 | . . 1 . . . . Miscellaneous . | . . . . . . . Route ------- -11/Scrapyard -10/Materials (discovered 4 exits: *Mat x2 / [*Min x2]) -10/Mines (discovered 3 exits: *Mat x2 / [*Exi]) -9/Materials (discovered 3 exits: *Mat x2 / *Min) -9/Mines (discovered 2 exits: *Mat x2) -8/Materials (discovered 3 exits: [*Fac x2] / Gar) -8/Garrison History --------- Turn | Location | Event 22 | -11/Scrapyard | Discovered new exit (range 14) 98 | -11/Scrapyard | Entered Materials 265 | -10/Materials | Discovered new exit (range 3) 318 | -10/Materials | Build established: Mutant 704 | -10/Materials | Discovered new exit (range 12) 1174 | -10/Materials | Discovered new exit (range 9) 1288 | -10/Materials | Discovered new exit (range 4) 1480 | -10/Materials | Entered Mines 1795 | -10/Mines | Discovered new exit (range 5) 1914 | -10/Mines | Deemed a non-threat by the Exiles lab entrance 1914 | -10/Mines | Discovered new exit (range 5) 1997 | -10/Mines | Core integrity fell below 50% 2033 | -10/Mines | Lost 5 parts (2p1n1u1w) 2211 | -10/Mines | Learned location of Zion (-7) 2277 | -10/Mines | Received a Mining Laser from a helpful Derelict 2384 | -10/Mines | Discovered new exit (range 15) 2401 | -10/Mines | Build established: Scavenger-Mutant 2415 | -10/Mines | Assisted by bots powering up and referring to "LRC-V3" 2567 | -10/Mines | Found a hidden stash of uninstalled traps 3126 | -10/Mines | Entered Materials 3126 | -9/Materials | Accompanied by 3 allies 3126 | -9/Materials | Evolved 2 slots: Propulsion x1, Utility x1 3222 | -9/Materials | Identified exit to Mines 3786 | -9/Materials | Discovered new exit (range 13) 4345 | -9/Materials | Discovered new exit (range 16) 4596 | -9/Materials | Entered Mines 4613 | -9/Mines | Met a Derelict bent on vengeance 4668 | -9/Mines | Received a Rocket Launcher from a helpful Derelict 4789 | -9/Mines | Discovered new exit (range 7) 4958 | -9/Mines | Discovered new exit (range 14) 5370 | -9/Mines | Met a Derelict shopkeep closing up shop 5639 | -9/Mines | Entered Materials 5639 | -8/Materials | Evolved 2 slots: Utility x2 6106 | -8/Materials | Identified exit to Garrison 6288 | -8/Materials | Lost 3 parts (1p2u) 6325 | -8/Materials | Discovered new exit (range 15) 7157 | -8/Materials | Discovered new exit (range 10) 7305 | -8/Materials | Entered Garrison 7328 | -8/Garrison | Triggered checkpoint 7341 | -8/Garrison | Core integrity fell below 50% 7429 | -8/Garrison | Triggered checkpoint 7667 | -8/Garrison | Triggered checkpoint 7926 | -8/Garrison | Triggered checkpoint 7953 | -8/Garrison | Triggered checkpoint 8008 | -8/Garrison | Triggered checkpoint 8093 | -8/Garrison | Spotted B-75 Beast 8096 | -8/Garrison | Spotted B-75 Beast 8214 | -8/Garrison | Core integrity fell below 20% 8225 | -8/Garrison | Destroyed by B-75 Beast with Magnetic Acceleration Cannon Last Messages --------------- 08197_ Gauss Rifle destroyed. 08200_ Imp. Medium Armor Plating destroyed. 08200_ Knocked back. 08201_ Acquired 6 matter. 08202_ Slug penetrates B-75 Beast. 08205_ Slug penetrates Earth. 08208_ Slug penetrates Wall. 08210_ Seismic Detector destroyed. 08211_ Slug penetrates B-75 Beast. 08213_ Overheating: System interference. 08213_ Imp. Heat Sink temporarily disabled. 08213_ Weapon Cycler temporarily disabled. 08213_ Gauss Rifle temporarily disabled. 08213_ Carbon-fiber Leg blasted off. 08218_ Power failure, Lgt. Angular Momentum Engine shutdown. 08218_ Slug penetrates Wall. 08219_ Gauss Rifle destroyed. 08219_ Lgt. Angular Momentum Engine destroyed. 08219_ Imp. Medium Armor Plating destroyed. 08224_ Slug penetrates B-75 Beast. Map ----- +----------------------------------------------------+ | ?????????????????????????????????????????????????? | | ?????????????????????????????????????????????????? | | ???????????????????????######?????###############? | | ???????????????????????! ?????#" %[[== #? | | ???????????????????????! ?????####### ### #? | | ???????????????????????! ????????????# #?# #? | | ??????????????????????? ????????????#####?# #? | | ???????????????????????! ?????????????# #### #? | | ???????????????????????! ?????????????## ## #? | | ???????????????????????! ?????????????# # #? | | ???????????????????????# #?????????????# ### #? | | ???????????????????????# #???????#####?# #?###*#? | | ???????????????????????# #???????# ### #???#!#? | | ???????????????????????# #???????# #???#*#? | | ???????????????######### #???????####### #???#%#? | | ???????????????# #??########???# ##??#=#? | | ???????????????# % #### # ####### #??# #? | | ???????????????#### ####% ## # ### #####/## | | ??????????????????# #??# #?# # # # # | | ??????????????????# #??#BB### # | | ??????????????????# #??#BB## ### ## ### | | ??????????????????# #??#% ##### # ## ## # #?? | | ??????????????????# #??# [## # ##### # # #?? | | ???????????# BB#########% # ####### # #?? | | ???????????# % % ## =# # #?? | | ???????????# ^ @ %= #?? | | ???????????# %* = #?? | | ???????????############ %# / ## !=## ## #####?? | | ????????????????????### # ## =%####?##?????? | | ????????????????????# != #?????????? | | ????????????????????#C % [% #?????????? | | ????????????????????#% * %= #?????????? | | ????????????????????#C %[ [ = #?????????? | | ????????????????????###* ## ##! ###?????????? | | ?????????????????????## ?# ## #???????????? | | ????????????????????? ??????????? | | ??????????????????? ????????? | | ?????????????????? % [ #####???????? | | ?????????????????########### ##=%##???????????? | | ???????????????????????????# % ##!!#????????????? | | ???????????????????????????#######=%#????????????? | | ?????????????????????????????????#! #????????????? | | ?????????????????????????????????#%=#????????????? | | ?????????????????????????????????#^"#????????????? | | ?????????????????????????????????#"%#????????????? | | ?????????????????????????????????# "?????????????? | | ?????????????????????????????????# ?????????????? | | ?????????????????????????????????? ?????????????? | | ??????????????????????????????????##?????????????? | | ?????????????????????????????????????????????????? | +----------------------------------------------------+ Best States ------------- Heat Dissipation 53 Coolant Potential 50 Energy Generation 18 Energy Capacity 170 Matter Stores 300 Matter Capacity 300 Sight Range 16 Terrain Scan Density 10 Armor Coverage 600 Weapon Cycling 15 Evasion (%) 40 Targeting Accuracy 5 Recoil Reduction 3 Authchip Count 2 Item Schematics ----------------- None Robot Schematics ------------------ None Fabricated ------------ Nothing Alien Tech Used ----------------- None Achievements -------------- None Challenges ------------ None Game ------ Seed ArmorRecyclingDriver Manual? 0 Play Time 00:41:14 Cumulative 292.0 hours Start 2022.03.26 @ 13:34:55 End 2022.03.26 @ 14:22:20 Sessions 1 Manual Loads 0 Difficulty Rogue Special Mode None Game No. 441 Rogue 441 Adventurer 0 Explorer 0 Win Type - Total 5 Types 3/0/1/1/0/0/0/0/0 Lore% 79 Gallery% 80 Achievement% 63 Wizard Run 0 Options --------- ASCII 0 Keyboard 1 Movement Numpad Keybinds 0 Fullscreen 2 Font 24/Smallcaps Map View 76x50 Tactical HUD 1 Map Filters NONE Filters NONE Steam 1 RUN: 9ed03f96-0d16-47fc-8129-e338112115f3